 Dungeon Crawl Stone Soup version 0.17-a0-2093-gc772f4b (webtiles) character file.

14299 brucemayne the Severer (level 12, -8/154 HPs)
             Began as a Hill Orc Berserker on Oct 16, 2015.
             Was a High Priest of Trog.
             Mangled by a sun demon (20 damage)
             ... summoned by an orc high priest
             ... on level 3 of the Orcish Mines.
             The game lasted 00:27:06 (4325 turns).

brucemayne the Severer (Hill Orc Berserker)         Turns: 4325, Time: 00:27:06

Health: -8/154     AC: 14    Str: 27      XL:     12   Next: 15%
Magic:  10/10      EV:  8    Int:  7 (10) God:    Trog [*****.]
Gold:   1317       SH:  0    Dex: 10      Spells: 0 memorised, 11 levels left

rFire  + + +     SeeInvis .     G - +1 war axe (curse)
rCold  + . .     Clarity  .     L - +0 plate armour
rNeg   . . .     SustAt   .     (no shield)
rPois  .         Gourm    .     (no helmet)
rElec  .         Spirit   .     m - +0 cloak
rCorr  .         Warding  .     i - +2 pair of gloves
rMut   .         Stasis   .     N - +2 pair of boots {rF+}
MR     .....                    (no amulet)
Stlth  ..........               I - ring of protection from fire
                                w - ring of protection from fire

@: berserking, lethally poisoned (-8 -> -14), corroded equipment, very slightly
contaminated, drained, very quick, not resistant to hostile enchantments,
extremely unstealthy
A: iridescent scales 1, cold resistance 1, low mp 1
a: Burn Spellbooks, Berserk, Trog's Hand, Brothers in Arms, Renounce Religion,
Convert to Beogh


You were on level 3 of the Orcish Mines.
You worshipped Trog.
Trog was extremely pleased with you.
You were hungry.

You visited 3 branches of the dungeon, and saw 17 of its levels.
You also visited: Volcano.

You collected 1317 gold pieces.

Inventory:

Hand Weapons
 a - a +1 antimagic executioner's axe
 t - the +7 dagger "Wani" {flame, rElec rN+ MR+, unknown}
   (You found it on level 4 of the Dungeon)

   It has been specially enchanted to burn those struck by it, causing extra
   injury to most foes and up to half again as much damage against particularly
   susceptible opponents.
   It insulates you from electricity.
   It protects you from negative energy.
   It affects your resistance to hostile enchantments.
 G - a cursed +1 war axe (weapon)
 P - a +1 scimitar of flaming
 R - a +0 short sword of flaming
 T - a +0 hand axe of electrocution
Missiles
 K - 17 tomahawks (quivered)
Armour
 b - a +0 animal skin
 i - a +2 pair of gloves (worn)
 m - a +0 cloak (worn)
 s - a +0 ring mail
 C - a +0 chain mail
 L - a +0 plate armour (worn)
 N - a +2 pair of boots of fire resistance (worn)
 Q - a +0 ring mail of fire resistance
 U - a +1 ring mail of magic resistance
Jewellery
 f - an uncursed ring of wizardry
 k - an uncursed amulet of the gourmand
 w - a ring of protection from fire (left hand)
 I - a ring of protection from fire (right hand)
Wands
 d - a wand of invisibility (0)
 h - a wand of draining (9)
 H - a wand of disintegration (15)
Scrolls
 j - a scroll of remove curse {unknown}
 p - a scroll of amnesia {unknown}
 u - a scroll of random uselessness {unknown}
 x - a scroll of blinking {unknown}
 y - 2 scrolls of enchant weapon {unknown}
 A - a scroll of fog {unknown}
 B - a scroll of magic mapping
 D - a scroll of recharging {unknown}
 E - 2 scrolls of enchant armour {unknown}
Potions
 g - a potion of mutation
 l - 2 potions of brilliance
 n - a potion of flight {unknown}
 o - a potion of ambrosia {unknown}
 q - 2 potions of cancellation
 r - a potion of magic {unknown}
 v - 3 potions of heal wounds {unknown}
 z - a potion of haste {unknown}
 J - a potion of agility {unknown}
 O - a potion of berserk rage {unknown}
Comestibles
 c - 2 bread rations


   Skills:
 + Level 8.5(8.4) Fighting
 + Level 19.7(19.5) Axes
 - Level 9.0(8.9) Armour
 - Level 1.5(1.4) Dodging


You had 11 spell levels left.
You didn't know any spells.

Dungeon Overview and Level Annotations

Branches:
Dungeon (12/15)            Temple (1/1) D:7             Orc (4/4) D:12
    Elf (0/3) Orc:3
   Lair: D:8-11

Altars:
Ashenzari
Cheibriados
Elyvilon
Fedhas
Gozag
Makhleb
Nemelex Xobeh
Okawaru
Qazlal
Ru
Trog
Vehumet
Xom
Yredelemnul
Zin
The Shining One
Lugonu

Shops:
D:11 [   Orc:4 }

Annotations:
D:8 Erica
D:12 exclusion: upstairs


Innate Abilities, Weirdness & Mutations

You are partially covered in iridescent scales (AC +4).
Your flesh is cold resistant.
Your magical capacity is low (-10% MP).


Message History

* * * LOW HITPOINT WARNING * * *
The chaos spawn gores you.
* * * LOW HITPOINT WARNING * * *
You are poisoned.
The chaos spawn poisons you! The orc high priest barely misses you.
The orc high priest shouts, "Beogh is our master!
Accept the truth or die!"
You slash the orc high priest!
The orc high priest is almost dead.
You hit the chaos spawn.
The chaos spawn is lightly wounded.
You closely miss the sun demon.
The sun demon is lightly wounded.
You closely miss the orc warrior.
The orc warrior is moderately wounded.
You barely miss the rust devil.
The rust devil is moderately wounded.
You feel sick. The rust devil hits you.
* * * LOW HITPOINT WARNING * * *
The rust devil corrodes you! The sun demon hits you!!
You die...

........)..#.....###)(....#
....##..)..[[...##..[()..#
....####..[....####>.[([.#
.....##.........# #..).<##
......##...#...####.....(#
...........##.....#)....##
..........####.....[))..#
##.........# ##4o3.[#.###
#........## #..@3..#.#
##.#.......####o))..###
####......).#####..#.##
#####.....)).##.##....#
..###.##.#)......#.#.##
[..########.....#.....#
)...# #.....###.).## #..##
##.....##..[## ...#
#.....#.....#####


You could see an orc high priest, a sun demon, a rust devil, a chaos spawn and
an orc warrior.

Vanquished Creatures
  Erolcha (D:8)
  An ogre mage (Orc:3)
  2 hill giants (D:10)
  An orc sorcerer (Orc:3)
  A manticore (D:10)
  4 two-headed ogres
  2 deep elf magi (Orc:3)
  5 yaks
  2 shadows
  2 fire bats (Volcano)
  12 deep elf fighters
  A hungry ghost (D:12)
  3 wargs
  A soldier ant (D:12)
  An ice beast (D:10)
  2 black bears
  12 orc warriors
  A hell hound (Volcano)
  7 centaurs
  6 ogres
  3 killer bees (D:9)
  2 scorpions (D:10)
  6 wights
  2 crimson imps (D:5)
  Crazy Yiuf (D:6)
  16 orc priests
  11 orc wizards
  5 worker ants
  A centaur skeleton (D:5)
  2 hounds
  A mummy (D:6)
  7 adders
  An ooze (D:1)
  A worm (D:6)
  2 giant geckos
  135 orcs
  3 bats
  2 giant cockroaches
  2 jackals (D:2)
  3 kobolds (D:1)
  A ball python (D:2)
  A giant gecko skeleton (D:7)
  3 giant newts
278 creatures vanquished.

Vanquished Creatures (collateral kills)
  An orc high priest (Orc:4)
  2 orc knights (Orc:4)
  4 orc sorcerers (Orc:4)
  10 orc warriors (Orc:4)
  6 orc priests (Orc:4)
  3 orc wizards (Orc:4)
  8 orcs (Orc:4)
34 creatures vanquished.

Grand Total: 312 creatures vanquished

Notes
Turn   | Place    | Note
--------------------------------------------------------------
     0 | D:1      | brucemayne the Hill Orc Berserker began the quest for the Orb.
     0 | D:1      | Reached XP level 1. HP: 19/19 MP: 1/1
   127 | D:1      | Reached XP level 2. HP: 21/26 MP: 2/2
   222 | D:1      | Reached skill level 5 in Axes
   303 | D:2      | Reached XP level 3. HP: 23/31 MP: 3/3
   323 | D:4      | Noticed an ogre
   333 | D:4      | Killed an ogre
   333 | D:4      | Reached skill level 7 in Axes
   333 | D:4      | Reached XP level 4. HP: 6/39 MP: 4/4
   374 | D:4      | Found a glowing silver altar of Zin.
   374 | D:4      | Found a shimmering altar of Xom.
   374 | D:4      | Noticed an angel
   460 | D:4      | Noticed derrpe's ghost (amateur HaSk)
   480 | D:5      | Entered Level 5 of the Dungeon
   486 | D:5      | Reached XP level 5. HP: 15/45 MP: 5/5
   510 | D:5      | Reached ** piety under Trog
   516 | D:5      | Reached skill level 8 in Axes
   550 | D:5      | Found a sparkling altar of Nemelex Xobeh.
   551 | D:5      | Found an opulent altar of Gozag.
   568 | D:5      | Reached XP level 6. HP: 17/51 MP: 6/6
   569 | D:5      | Found a basalt altar of Yredelemnul.
   665 | D:4      | Noticed an ogre
   679 | D:4      | Killed an ogre
   679 | D:4      | Reached skill level 9 in Axes
   689 | D:4      | Got an encrusted dagger
   739 | D:5      | Noticed an ice beast
   777 | D:6      | Noticed Crazy Yiuf
   781 | D:6      | Killed Crazy Yiuf
   830 | D:6      | Found a snail-covered altar of Cheibriados.
  1036 | D:8      | Noticed Erolcha
  1056 | D:8      | Killed Erolcha
  1056 | D:8      | Reached skill level 12 in Axes
  1056 | D:8      | Reached XP level 7. HP: 45/57 MP: 7/7
  1056 | D:8      | Reached XP level 8. HP: 50/64 MP: 8/8
  1088 | D:8      | Gained mutation: You are partially covered in iridescent scales (AC +4). [potion of mutation]
  1088 | D:8      | Gained mutation: Your flesh is cold resistant. [potion of mutation]
  1088 | D:8      | Gained mutation: Your magical capacity is low (-10% MP). [potion of mutation]
  1106 | D:8      | Noticed Erica
  1107 | D:8      | Noticed an elephant
  1108 | D:8      | Noticed a yak
  1183 | D:7      | Found an iron altar of Okawaru.
  1372 | D:7      | Found a staircase to the Ecumenical Temple.
  1379 | Temple   | Entered the Ecumenical Temple
  1469 | D:9      | Reached skill level 5 in Fighting
  1579 | D:10     | Entered Level 10 of the Dungeon
  1751 | D:10     | Noticed a hill giant
  1760 | D:10     | Killed a hill giant
  1760 | D:10     | Reached skill level 5 in Armour
  1760 | D:10     | Reached XP level 9. HP: 79/79 MP: 8/8
  1825 | D:10     | Reached skill level 13 in Axes
  1951 | D:11     | Found Zunkaitec's Armour Shoppe.
  1971 | D:11     | Noticed a hill giant
  2017 | D:10     | Killed a hill giant
  2017 | D:10     | Reached XP level 10. HP: 68/86 MP: 9/9
  2065 | D:10     | Noticed a manticore
  2075 | D:10     | Reached skill level 14 in Axes
  2082 | D:10     | Killed a manticore
  2488 | D:11     | Noticed a five-headed hydra
  2543 | D:12     | Reached skill level 15 in Axes
  2623 | D:12     | Found a staircase to the Orcish Mines.
  2652 | Orc:1    | Entered Level 1 of the Orcish Mines
  2727 | Orc:1    | Reached *** piety under Trog
  2750 | Orc:1    | Found a bloodstained altar of Trog.
  3019 | Orc:1    | Reached **** piety under Trog
  3061 | Orc:1    | Found a dark tunnel.
  3067 | Volcano  | Entered a volcano
  3106 | Volcano  | Reached skill level 16 in Axes
  3208 | Volcano  | Reached XP level 11. HP: 92/92 MP: 9/9
  3356 | Orc:2    | Reached skill level 17 in Axes
  3459 | Orc:3    | Found a staircase to the Elven Halls.
  3477 | Orc:3    | Reached ***** piety under Trog
  3621 | Orc:3    | Noticed an ogre mage
  3662 | Orc:3    | Killed an ogre mage
  3667 | Orc:3    | Reached skill level 18 in Axes
  3704 | Orc:4    | Entered Level 4 of the Orcish Mines
  3823 | Orc:3    | Received a gift from Trog
  3938 | Orc:3    | Reached skill level 19 in Axes
  4110 | Orc:4    | Found Qowayre's Quality Used Wands.
  4230 | Orc:4    | Noticed an orc high priest
  4234 | Orc:4    | Noticed a sun demon
  4237 | Orc:4    | Noticed an orc warlord
  4243 | Orc:4    | Killed an orc high priest
  4244 | Orc:4    | Noticed an ice devil
  4248 | Orc:4    | Received a gift from Trog
  4248 | Orc:4    | Reached XP level 12. HP: 67/101 MP: 10/10
  4250 | Orc:4    | Noticed an orc knight
  4255 | Orc:4    | Killed an orc knight
  4263 | Orc:4    | Noticed an orc knight
  4268 | Orc:4    | Noticed an orc high priest
  4271 | Orc:4    | Paralysed by an orc sorcerer for 3 turns
  4295 | Orc:4    | Killed an orc knight
  4325 | Orc:3    | Mangled by a sun demon

Vault maps used:
D:1:      dpeg_arrival_court
D:2:      ecumenical_altar_1, first_bread, minmay_misc_feat_tiny, uniq_robin,
          uniq_sigmund
D:3:      nicolae_dithmenos_shadow_blocks
D:4:      grunt_temple_overflow_order_and_chaos_1, uniq_eustachio
D:5:      kennysheep_kobold_camp, grunt_temple_overflow_opulence,
          lemuel_crystal_altar, uniq_duvessa
D:6:      slow_altar_2, serial_shops, nicolae_shop_overgrown_old_shop,
          enter_ossuary_2, small_statue_intersection, minmay_bad_closet,
          kennysheep_generic_room_16, uniq_crazy_yiuf_cottage
D:7:      grunt_temple_overflow_diamond, minmay_temple_entry_crystal_x,
          basic_altar, uniq_pikel
D:8:      david_lair_generic, uniq_erica, uniq_erolcha
D:9:      blue_anna_alchemist, hex_tiny
D:10:     serial_shops, shop
D:11:     serial_shops, shop_statue, fedhas_altar_decomposition
D:12:     hiddenorc1_lemuel, uniq_psyche
Temple:   corrupted_temple
Orc:1:    enter_volcano_1, bloody_trog
Orc:3:    nicolae_orc_pool_cavern, elves_outpost_lemuel
Orc:4:    st_orc_congregation, nicolae_for_you_no_charge
Volcano:  volcano_village

Action                   |  1- 3 |  4- 6 |  7- 9 | 10-12 || total
-------------------------+-------+-------+-------+-------++-------
Melee: Hand axe          |    60 |    81 |    58 |       ||   199
       War axe           |       |       |    75 |   563 ||   638
Invok: Berserk           |     1 |     5 |     5 |     7 ||    18
       Trog's Hand       |       |     2 |     1 |    13 ||    16
       Brothers in Arms  |       |       |       |     5 ||     5
Evoke: Wand              |       |       |       |     4 ||     4
  Use: Potion            |       |     5 |     1 |     1 ||     7
       Scroll            |       |     2 |     3 |     2 ||     7
 Stab: Invisible         |       |       |       |     4 ||     4
  Eat: Chunk             |       |     4 |     4 |    17 ||    25
       Beef jerky        |       |     1 |       |     1 ||     2
       Bread ration      |       |       |     1 |     2 ||     3
       Meat ration       |       |       |       |     1 ||     1
